 Dungeon Crawl Stone Soup version 0.15-a0-1004-gbf4e2e6 (console) character file.

74 Kellhus the Ruinous (level 4, 31/33 HPs)
             Began as a Draconian Wizard on May 25, 2014.
             Quit the game on Level 2 of the Dungeon.
             The game lasted 00:02:31 (1639 turns).

Kellhus the Ruinous (Draconian Wizard)              Turns: 1639, Time: 00:02:31

HP  31/33        AC  5     Str 10      XL: 4   Next:  9%
MP   1/9         EV 12     Int 19      God:
Gold 67          SH  0     Dex  9      Spells:  1 memorised,  8 levels left

rFire  . . .     SeeInvis .     n - +0 dagger (venom)
rCold  . . .     Clarity  .     (armour unavailable)
rNeg   + . .     Conserve .     (no shield)
rPois  .         rCorr    .     b - +0 hat
rElec  .         rRot     .     (no cloak)
SustAb .         Spirit   .     (no gloves)
rMut   .         Warding  .     (no boots)
Gourm  .         Stasis   .     (no amulet)
MR     .....                    (no ring)
                                h - ring of positive energy

@: not resistant to hostile enchantments, very unstealthy
A: unfitting armour, cold-blooded, AC +5
a: no special abilities


You were on level 2 of the Dungeon.
You were hungry.

You visited 1 branch of the dungeon, and saw 2 of its levels.

You collected 67 gold pieces.

Inventory:

Hand weapons
 m - a +1,+0 dagger of pain
 n - a +0,+0 dagger of venom (weapon)
Armour
 b - a +0 hat (worn)
Magical devices
 p - a wand of flame (15)
Comestibles
 a - an orange
 d - 2 bread rations
 g - a meat ration
 q - a rotting chunk of human flesh
Scrolls
 i - a scroll of identify {unknown}
 k - 2 scrolls of immolation {unknown}
 l - a scroll of teleportation {unknown}
Jewellery
 h - a ring of positive energy (left hand)
Potions
 e - a potion of brilliance {unknown}
 f - 3 potions of restore abilities {unknown}
 j - a potion of resistance {unknown}
 o - a potion of paralysis {unknown}
Books
 c - a book of Minor Magic

   Spells                             Type                      Level
   *Magic Dart                        Conjuration                  1
   Blink                              Translocation                2
   Call Imp                           Summoning                    2
   Repel Missiles                     Charms/Air                   2
   Slow                               Hexes                        2
   Conjure Flame                      Conjuration/Fire             3
   Mephitic Cloud                     Conjuration/Poison/Air       3


   Skills:
 - Level 1.7 Dodging
 - Level 1.7 Stealth
 - Level 3.0 Spellcasting
 + Level 4.0 Conjurations
   Level 1.0 Summonings
   Level 1.0 Translocations


You had 8 spell levels left.
You knew the following spells:

 Your Spells              Type           Power        Failure   Level  Hunger
a - Magic Dart            Conj           ###.         3%          1    None


Dungeon Overview and Level Annotations

Branches:
Dungeon (2/15)

Altars:


Innate Abilities, Weirdness & Mutations

Your plain brown scales are hard (AC +5).
Your body does not fit into most forms of armour.
Your cold-blooded metabolism reacts poorly to cold.


Message History

Confirm with . or Enter, or press ? or * to list all spells.
Aiming: Magic Dart
Press: ? - help, Shift-Dir - straight line, f/p - adder
Aim: an adder (moderately wounded)
The magic dart hits the adder.
The adder is severely wounded.
The adder bites you but does no damage.
Casting: Magic Dart
Confirm with . or Enter, or press ? or * to list all spells.
Aiming: Magic Dart
Press: ? - help, Shift-Dir - straight line, f/p - adder
Aim: an adder (severely wounded)
The magic dart hits the adder.
You kill the adder!
Your Conjurations skill increases to level 4!
You have reached level 4!
You feel stronger.
Casting: Magic Dart
Confirm with . or Enter, or press ? or * to list all spells.
You can't see any susceptible monsters within range! (Use Z to cast anyway.) Are you sure you want to abandon this character and quit the game? (Confirm with "yes".)

#.# 8... # #.#.# #
..8...8. .#
#.#.#.#.# #.#
..8...8...8.. ##
#.#.#.#.#.#.#...#
..8...8...8%..#
##.#.#.#.#.#@#.##
#.8...8...8...8.#
##.#.#.#.#.#.#.###
#...8...8...8....#
##.#.#.#.#.#.#.#...#
#.8...8...8...8.##.
##.#.#.#.#.#.#.....#
#..##.#........>..
#..##.........####


There were no monsters in sight!

Vanquished Creatures
  Jessica (D:2)
  2 adders (D:2)
  A worm (D:2)
  A giant gecko (D:1)
  An ooze (D:1)
  5 goblins
  8 hobgoblins (D:1)
  A kobold (D:1)
  A ball python (D:2)
  3 bats (D:1)
  A giant cockroach (D:1)
  2 giant newts (D:1)
  5 rats (D:1)
32 creatures vanquished.

Notes
Turn   | Place    | Note
--------------------------------------------------------------
     0 | D:1      | Kellhus, the Draconian Wizard, began the quest for the Orb.
     0 | D:1      | Reached XP level 1. HP: 14/14 MP: 4/4
   303 | D:1      | Reached XP level 2. HP: 7/20 MP: 0/6
  1087 | D:1      | Reached XP level 3. HP: 26/26 MP: 0/7
  1277 | D:2      | Noticed Jessica
  1297 | D:2      | Killed Jessica
  1638 | D:2      | Reached skill level 4 in Conjurations
  1638 | D:2      | Reached XP level 4. HP: 31/33 MP: 1/9
  1639 | D:2      | Quit the game

Action                   |  1- 3 |  4- 6 || total
-------------------------+-------+-------++-------
Melee: Unarmed           |    32 |       ||    32
       Dagger            |     7 |       ||     7
 Cast: Magic Dart        |    78 |     1 ||    79
